 Dungeon Crawl Stone Soup version 0.25-a0-302-g9f758675c1 (webtiles) character file.

Game seed: 2182045143591389217, levelgen mode: deterministic

6086 mopl the Severer (level 10, -10/91 HPs)
             Began as a Hill Orc Monk on Dec 20, 2019.
             Was an Elder of Beogh.
             Mangled by Snorg (15 damage)
             ... on level 11 of the Dungeon.
             The game lasted 00:14:39 (11656 turns).

mopl the Severer (Hill Orc Monk)                   Turns: 11656, Time: 00:14:39

Health: -10/91     AC: 16    Str: 18    XL:     10   Next: 88%
Magic:  3/5        EV:  6    Int: 10    God:    Beogh [****..]
Gold:   97         SH:  4    Dex: 18    Spells: 9/9 levels left

rFire    . . .     SeeInvis +   a - +0 broad axe (antimagic)
rCold    . . .     Gourm    .   (no shield)
rNeg     . . .     Faith    .   x - +0 plate armour
rPois    .         Spirit   .   A - +0 helmet
rElec    .         Reflect  +   P - +0 cloak
rCorr    .         Harm     .   l - +0 pair of gloves (curse)
MR       .....                  J - +0 pair of boots
Stlth    ..........             O - +4 amulet of reflection
HPRegen  0.25/turn              C - ring of see invisible
MPRegen  0.09/turn              F - +5 ring of dexterity

@: no status effects
A: no striking features
a: Smiting, Recall Orcish Followers, Renounce Religion


You were on level 11 of the Dungeon.
You worshipped Beogh.
Beogh was greatly pleased with you.
You were not hungry.

You visited 1 branch of the dungeon, and saw 11 of its levels.

You collected 562 gold pieces.
You spent 465 gold pieces at shops.

Inventory:

Hand Weapons
 a - a +0 antimagic broad axe (weapon)
 G - a +0 arbalest
Missiles
 n - 94 bolts
 o - 31 boomerangs (quivered)
 s - 7 javelins
 t - 2 poisoned darts
Armour
 l - a cursed +0 pair of gloves (worn)
 x - a +0 plate armour (worn)
 A - a +0 helmet (worn)
 J - a +0 pair of boots (worn)
 P - a +0 cloak (worn)
Jewellery
 C - a ring of see invisible (left hand)
 E - a +5 ring of evasion
 F - a +5 ring of dexterity (right hand)
 O - a +4 amulet of reflection (around neck)
Wands
 q - a wand of digging (4)
 D - a wand of disintegration (1)
 N - a wand of polymorph (14)
Scrolls
 g - 6 scrolls of teleportation {unknown}
 j - 11 scrolls of remove curse {unknown}
 p - a scroll of fog {unknown}
 w - a scroll of random uselessness {unknown}
 y - 2 scrolls of enchant armour {unknown}
 I - 4 scrolls of fear {unknown}
 K - a scroll of blinking {unknown}
 L - a scroll of amnesia {unknown}
 M - a scroll of identify
Potions
 b - 2 potions of haste
 d - 3 potions of heal wounds
 e - 2 potions of invisibility
 f - 4 potions of flight
 h - a potion of resistance
 i - 3 potions of mutation {!q}
 k - 3 potions of agility
 m - 5 potions of curing
 r - a potion of cancellation
 u - 2 potions of brilliance
 v - 3 potions of lignification {!q}
 z - 3 potions of degeneration {unknown}
 B - a potion of might
 R - a potion of berserk rage {!q}
 S - a potion of ambrosia
Comestibles
 c - 17 rations
 H - 5 chunks of flesh


   Skills:
 + Level 9.5 Fighting
 * Level 15.0 Axes
 + Level 3.3 Armour
 - Level 2.4 Dodging
 - Level 1.5 Stealth
 + Level 9.5 Invocations


You had 9 spell levels left.
You didn't know any spells.
Your spell library contained the following spells:

 Spells                   Type           Power        Failure   Level  Hunger
 Corona                   Hex            #......      100%        1    ##.....
 Freeze                   Ice            #...         100%        1    ##.....
 Ensorcelled Hibernation  Hex/Ice        #.....       100%        2    ###....
 Confuse                  Hex            #.......     100%        3    ####...
 Dazzling Flash           Conj/Hex       #.....       100%        3    ####...
 Ozocubu's Armour         Chrm/Ice       #.......     100%        3    ####...
 Tukima's Dance           Hex            #.......     100%        3    ####...
 Hailstorm                Conj/Ice       #.......     100%        4    #####..
 Summon Ice Beast         Ice/Summ       #.......     100%        4    #####..


Dungeon Overview and Level Annotations

Branches:
Dungeon (11/15)            Temple (0/1) D:6            Lair (0/6) D:9
    Orc: D:9-12

Altars:
Dithmenos
Elyvilon
Fedhas
Gozag
Makhleb
Ru
Sif Muna
Trog
Wu Jian
Xom
Yredelemnul
The Shining One

Shops:
D:6 }   D:9 !   D:10 [

Annotations:
D:2 1 runed translucent door, Crazy Yiuf
D:5 3 runed translucent doors, Error4North's ghost, novice HOFi; MisterFreud's ghost, amateur NaFE; baljet's ghost, novice MfSk
D:11 Snorg


Message History

The bullfrog hits you but does no damage.
You block Snorg's attack. Snorg claws you!
* * * LOW HITPOINT WARNING * * *
Snorg claws you but does no damage.
Okay, then.
You feel much better.
The bullfrog hits you but does no damage.
Snorg bites you!
* * * LOW HITPOINT WARNING * * *
Snorg barely misses you. You block Snorg's attack.
You block the orc warrior's attack.
You slash Snorg!
Snorg is almost dead.
You hit the orc warrior but do no damage.
You slash the bullfrog!
The bullfrog hits you but does no damage.
Snorg bites you but does no damage. Snorg claws you!
* * * LOW HITPOINT WARNING * * *
Snorg claws you!
You die...

...........>..
.............
............
...........#
..........#
........<.#
##+#.....#
#.....#
#..)@.#
#..ToF#
#.....#
#.....#
#....F##
#..[)..#
#..))).#
+......'....
#^.....#....


You could see Snorg (berserk), an orc warrior and 2 bullfrogs.

Vanquished Creatures
  A two-headed ogre (D:10)
  A hippogriff (D:10)
  2 vampire mosquitoes (D:11)
  2 soldier ants (D:8)
  A water moccasin (D:9)
  7 sky beasts
  A black bear (D:7)
  A phantom (D:7)
  2 orc warriors
  2 ice beasts
  2 centaurs
  2 ogres (D:8)
  A bullfrog (D:8)
  2 scorpions (D:4)
  2 killer bees (D:7)
  2 wights (D:8)
  A howler monkey (D:6)
  4 crimson imps
  A quasit (D:4)
  A bullfrog zombie (D:11)
  3 hounds
  6 orc priests
  3 bullfrog skeletons
  3 centaur skeletons
  Jessica (D:2)
  3 worker ants
  6 orc wizards
  A hound zombie (D:8)
  A hound skeleton (D:4)
  A howler monkey zombie (D:4)
  11 adders
  A shadow imp (D:10)
  An ooze (D:3)
  3 adder zombies
  3 worms
  2 dart slugs (D:1)
  3 leopard geckos
  25 orcs
  A ball python (D:7)
  5 bats
  4 giant cockroaches
  3 goblins (D:3)
  10 hobgoblins
  2 jackals (D:1)
  4 quokkas
  4 frilled lizards
  2 goblin skeletons (D:6)
  A goblin zombie (D:6)
  A hobgoblin zombie (D:6)
  A jackal skeleton (D:6)
  5 kobolds
  2 leopard gecko skeletons
  An orc skeleton (D:6)
  An orc zombie (D:6)
  A quokka zombie (D:7)
  3 rats
166 creatures vanquished.

Vanquished Creatures (collateral kills)
  A gargoyle (D:10)
  A troll (D:10)
  Prince Ribbit (D:6)
  Grinder (D:6)
  A steam dragon (D:10)
  Menkaure (D:6)
  An ice beast (D:7)
  An orc warrior (D:7)
  An eye of draining (D:10)
  3 ogres
  3 phantoms
  Blork the orc (D:6)
  A big kobold (D:10)
  4 killer bees (D:7)
  4 wights (D:8)
  A crimson imp (D:5)
  2 orc priests
  2 iguanas
  3 orc wizards
  A worker ant (D:7)
  2 adders
  2 adder zombies
  A worm (D:8)
  2 orcs
  A goblin skeleton (D:6)
  A goblin zombie (D:6)
  3 hobgoblin zombies (D:6)
  2 kobolds (D:10)
  2 orc zombies (D:6)
50 creatures vanquished.

Vanquished Creatures (others)
  An orc knight (D:11)
  3 orc wizards
  2 orc warriors (D:11)
  2 orc priests
  13 orcs
  A withered plant (D:5)
22 creatures vanquished.

Grand Total: 238 creatures vanquished

Notes
Turn   | Place    | Note
-------+----------+-------------------------------------------
     0 | D:1      | mopl the Hill Orc Monk began the quest for the Orb.
     0 | D:1      | Reached XP level 1. HP: 19/19 MP: 1/1
   154 | D:1      | Reached XP level 2. HP: 26/26 MP: 2/2
   301 | D:1      | Reached skill level 5 in Axes
   587 | D:1      | Reached XP level 3. HP: 31/31 MP: 3/3
   968 | D:2      | Found a blossoming altar of Fedhas.
  1141 | D:2      | Reached skill level 6 in Axes
  1392 | D:2      | Noticed Jessica
  1403 | D:2      | Killed Jessica
  1403 | D:2      | Reached XP level 4. HP: 27/39 MP: 4/4
  1421 | D:2      | Found an ornate altar of the Wu Jian Council.
  1975 | D:2      | Found a runed translucent door.
  1976 | D:2      | Noticed Crazy Yiuf
  2308 | D:3      | Reached skill level 7 in Axes
  2515 | D:3      | Reached XP level 5. HP: 45/45 MP: 5/5
  2516 | D:3      | Became a worshipper of Beogh the Brigand
  2516 | D:3      | Reached * piety under Beogh
  2516 | D:3      | Reached ** piety under Beogh
  2596 | D:3      | Reached skill level 8 in Axes
  3067 | D:4      | Reached skill level 1 in Invocations
  3067 | D:4      | Reached XP level 6. HP: 45/52 MP: 6/6
  3337 | D:4      | Reached skill level 4 in Fighting
  3466 | D:4      | Reached skill level 2 in Invocations
  3569 | D:4      | Reached skill level 9 in Axes
  3659 | D:4      | Reached *** piety under Beogh
  3659 | D:4      | Reached XP level 7. HP: 56/60 MP: 8/8
  3682 | D:4      | Reached skill level 3 in Invocations
  4001 | D:4      | Reached skill level 5 in Fighting
  4005 | D:4      | Found a shadowy altar of Dithmenos.
  4194 | D:5      | Entered Level 5 of the Dungeon
  4405 | D:5      | Reached skill level 10 in Axes
  4405 | D:5      | Reached skill level 4 in Invocations
  4432 | D:5      | Found a runed translucent gate.
  4433 | D:5      | Found a runed translucent gate.
  4434 | D:5      | Found a runed translucent gate.
  4434 | D:5      | Noticed MisterFreud's ghost (amateur NaFE)
  4434 | D:5      | Noticed baljet's ghost (novice MfSk)
  4434 | D:5      | Noticed Error4North's ghost (novice HOFi)
  4509 | D:5      | Reached XP level 8. HP: 60/69 MP: 11/11
  5097 | D:6      | Found Qymunog's Gadget Shoppe.
  5104 | D:6      | Found a bloodstained altar of Trog.
  5497 | D:6      | Noticed Blork the orc
  5506 | D:6      | Killed Blork the orc
  5506 | D:6      | Reached skill level 6 in Fighting
  5506 | D:6      | Reached skill level 5 in Invocations
  5511 | D:6      | Found a staircase to the Ecumenical Temple.
  5562 | D:6      | Found a glowing golden altar of the Shining One.
  5572 | D:6      | Gained Bogwik as an ally
  5574 | D:6      | Reached skill level 11 in Axes
  5581 | D:6      | Gained Syrus as an ally
  5599 | D:6      | Reached **** piety under Beogh
  5884 | D:6      | Noticed Menkaure
  5889 | D:6      | Killed Menkaure
  5997 | D:6      | Noticed Prince Ribbit
  6006 | D:6      | Killed Prince Ribbit
  6143 | D:6      | Noticed Grinder
  6143 | D:6      | Paralysed by Grinder for 4 turns
  6151 | D:6      | Paralysed by Grinder for 4 turns
  6159 | D:6      | Killed Grinder
  6159 | D:6      | Reached skill level 6 in Invocations
  6159 | D:6      | Reached XP level 9. HP: 78/78 MP: 13/13
  6217 | D:7      | Reached skill level 12 in Axes
  6223 | D:7      | Reached skill level 7 in Fighting
  6230 | D:7      | Gained Borgk as an ally
  6492 | D:7      | Found a sacrificial altar of Ru.
  6532 | D:7      | Your ally Syrus died
  6894 | D:7      | Found an opulent altar of Gozag.
  7025 | D:7      | Reached skill level 7 in Invocations
  7253 | D:7      | Found a blossoming altar of Fedhas.
  7476 | D:8      | Reached skill level 13 in Axes
  7498 | D:8      | Found a burning altar of Makhleb.
  7635 | D:8      | Reached skill level 8 in Fighting
  7988 | D:8      | Found a white marble altar of Elyvilon.
  8038 | D:8      | Your ally Bogwik died
  8046 | D:8      | Reached skill level 8 in Invocations
  8381 | D:8      | Reached XP level 10. HP: 70/90 MP: 16/16
  8607 | D:8      | Found a shimmering altar of Xom.
  8607 | D:8      | Found a shimmering altar of Xom.
  8647 | D:8      | Found a shimmering altar of Xom.
  8647 | D:8      | Found a shimmering altar of Xom.
  8839 | D:8      | Found Zustrat's Book Emporium.
  9061 | D:9      | Reached skill level 14 in Axes
  9113 | D:9      | Found a staircase to the Lair.
  9464 | D:9      | Found a shimmering blue altar of Sif Muna.
  9513 | D:9      | Found a basalt altar of Yredelemnul.
 10184 | D:9      | Found Zipn's Distillery.
 10187 | D:9      | Bought a potion of berserk rage for 75 gold pieces
 10187 | D:9      | Bought a potion of ambrosia for 120 gold pieces
 10187 | D:9      | Bought a potion of heal wounds for 75 gold pieces
 10187 | D:9      | Bought a potion of curing for 45 gold pieces
 10187 | D:9      | Bought a potion of haste for 150 gold pieces
 10295 | D:10     | Entered Level 10 of the Dungeon
 10306 | D:10     | Noticed a two-headed ogre
 10311 | D:10     | Killed a two-headed ogre
 10311 | D:10     | Reached skill level 9 in Fighting
 10311 | D:10     | Reached skill level 1 in Armour
 10381 | D:10     | Found Ecesk's Antique Armour Shoppe.
 10395 | D:10     | Reached skill level 2 in Armour
 10419 | D:10     | Reached skill level 9 in Invocations
 10640 | D:10     | Noticed a gargoyle
 10662 | D:10     | Killed a gargoyle
 11551 | D:10     | Reached skill level 3 in Armour
 11628 | D:11     | Reached skill level 15 in Axes
 11635 | D:11     | Noticed Snorg
 11649 | D:11     | Your ally Borgk died
 11654 | D:11     | HP: 4/91 [Snorg (11)]
 11656 | D:11     | Mangled by Snorg

Levels and vault maps discovered:
D:1:      dpeg_arrival_brainrot, layout_basic
D:2:      wander_river, layout_basic, lemuel_round_altar, lemuel_doored_altar,
          uniq_jessica, uniq_crazy_yiuf_cottage
D:3:      layout_basic, chequers_serial_rivers_micro_b
D:4:      layout_loops_cross, kennysheep_mini, serial_undead, serial_undead_d,
          serial_undead_d, serial_undead_c, serial_undead_e, dk_vineyard_3
D:5:      layout_basic, serial_curves, eino_curves_03, eino_curves_02,
          first_ration, gammafunk_ghost_cemetery
D:6:      layout_gridville, nicolae_tso_besieged_by_evil, bloody_trog,
          minmay_temple_entry_offerings, serial_shops,
          nicolae_shop_temple_entry_statues_fountains, uniq_grinder,
          uniq_prince_ribbit1, uniq_menkaure, uniq_blork_the_orc
D:7:      layout_rooms, nicolae_ru_sacrificial_ziggurat, old_standard_altar,
          david_defended_altar_elf
D:8:      layout_basic, xom_redecorated, marbit_many_paths, bloody_makhleb,
          serial_shops, nicolae_shop_trees, hangedman_pestilent_swarm
D:9:      layout_loops_ring, kennysheep_mini_moat, yredelemnul_altar_generic,
          lair_entry_dummy, serial_shops, nicolae_shop_behind_doors
D:10:     layout_roguey, serial_shops, shop
D:11:     layout_irregular_city, orc_david_3, portal_ice_cave_demonic_guard,
          uniq_sonja, uniq_snorg, uniq_urug

Skill      XL: |  1  2  3  4  5  6  7  8  9 10 |
---------------+-------------------------------+-----
Axes           | 5 6 7 8 9 10 11 13 15 | 15.0
Invocations    | 1 2 4 6 8 9 |  9.5
Fighting       | 4 5 6 8 9 |  9.5
Armour         | 3 |  3.3
Dodging        | |  2.4
Stealth        | |  1.5

Action                   |  1- 3 |  4- 6 |  7- 9 | 10-12 || total
-------------------------+-------+-------+-------+-------++-------
Melee: Hand axe          |   102 |   158 |   355 |     8 ||   623
       War axe           |       |    39 |       |       ||    39
       Broad axe         |       |       |       |   140 ||   140
Invok: Convert to Beogh  |       |     1 |       |       ||     1
       Smiting           |       |       |     3 |     1 ||     4
Evoke: Wand              |       |       |     3 |     8 ||    11
  Use: Scroll            |       |     8 |     3 |       ||    11
       Potion            |       |       |     1 |     1 ||     2
 Stab: Sleeping          |     2 |     1 |       |       ||     3
       Distracted        |     1 |       |     4 |     3 ||     8
  Eat: Chunk             |     1 |     8 |     6 |     4 ||    19
       Ration            |       |       |     3 |     2 ||     5
Armor: Robe              |    23 |    20 |       |       ||    43
       Ring mail         |       |    23 |       |       ||    23
       Chain mail        |       |    67 |    52 |       ||   119
       Plate armour      |       |       |    82 |    83 ||   165
Dodge: Dodged            |    86 |    93 |    84 |    41 ||   304
Block: Other             |       |       |       |    20 ||    20

Table legend:
 A = Non-vault XP
 B = Vault XP
 C = Vault XP percentage of total XP
 D = Non-vault monster count
 E = Vault monster count
 F = Vault count percentage of total count
                 A         B        C        D         E       F
            +---------+---------+-------+---------+---------+-------
      Total |    7522 |    1173 |  13.5 |     184 |      32 |  14.8
            +---------+---------+-------+---------+---------+-------
        D:1 |      35 |       0 |   0.0 |      17 |       0 |   0.0
        D:2 |      37 |      37 |  50.0 |      11 |       1 |   8.3
        D:3 |     206 |       0 |   0.0 |      30 |       0 |   0.0
        D:4 |     481 |     165 |  25.5 |      24 |       8 |  25.0
        D:5 |     403 |       0 |   0.0 |      12 |       0 |   0.0
        D:6 |     463 |     601 |  56.5 |      15 |      18 |  54.5
        D:7 |    1259 |       0 |   0.0 |      24 |       0 |   0.0
        D:8 |     977 |     370 |  27.5 |      19 |       5 |  20.8
        D:9 |     556 |       0 |   0.0 |       6 |       0 |   0.0
       D:10 |    2687 |       0 |   0.0 |      21 |       0 |   0.0
       D:11 |     418 |       0 |   0.0 |       5 |       0 |   0.0
            +---------+---------+-------+---------+---------+-------
